 Dungeon Crawl Stone Soup version 0.30-a0-867-g305f33218d (webtiles) character file.

Game seed: 8076945614256585488

955 cforsyth the Thaumaturge (level 7, -3/36 HPs)
             Began as a Deep Elf Earth Elementalist on Mar 11, 2023.
             Was a Follower of Vehumet.
             Killed from afar by a white imp (4 damage)
             ... with a puff of frost
             ... on level 5 of the Dungeon.
             The game lasted 00:08:28 (4365 turns).

cforsyth the Thaumaturge (DEEE)                     Turns: 4365, Time: 00:08:29

Health: -3/36      AC:  4    Str:  5    XL:     7   Next: 91%
Magic:  17/21      EV: 12    Int: 22    God:    Vehumet [*.....]
Gold:   276        SH:  0    Dex: 15    Spells: 22/23 levels left

rFire   . . .      SeeInvis .    (no weapon)
rCold   . . .      Faith    .    (no shield)
rNeg    . . .      Spirit   .    w - +0 robe {Will+}
rPois   .          Reflect  .    (no helmet)
rElec   .          Rampage  .    (no cloak)
rCorr   .                        m - +0 pair of gloves
Will    +....                    r - +0 pair of boots
Stlth   ++                       (no amulet)
HPRegen 0.26/turn                (no ring)
MPRegen 0.17/turn                (no ring)

@: lethally poisoned (-3 -> -18), slowed, very slow
A: no striking features
a: Renounce Religion


You were on level 5 of the Dungeon.
You worshipped Vehumet.
Vehumet was aware of your devotion.
You visited 1 branch of the dungeon, and saw 5 of its levels.
You also visited: Sewer.

You collected 276 gold pieces.

Inventory:

Armour
 a - a +0 robe
 m - a +0 pair of gloves (worn)
 r - a +0 pair of boots (worn)
 w - a +0 robe of willpower (worn)
Jewellery
 c - a ring of protection from fire
 p - a +4 ring of protection
 t - a +6 ring of intelligence
Wands
 x - a wand of flame (14)
Scrolls
 d - a scroll of fear {unknown}
 e - a scroll of fog
 i - a scroll of butterflies
 k - 2 scrolls of enchant weapon
 l - a scroll of brand weapon {unknown}
 u - a scroll of silence {unknown}
 y - 2 scrolls of teleportation
 z - a scroll of amnesia {unknown}
 A - a scroll of enchant armour {unknown}
Potions
 b - a potion of magic
 g - 2 potions of brilliance
 h - a potion of curing
 j - 4 potions of flight
 n - a potion of degeneration {unknown}
 o - 4 potions of haste
 q - a potion of cancellation {unknown}
 s - 2 potions of lignification
 v - a potion of invisibility {unknown}


   Skills:
 - Level 2.4 Dodging
 - Level 2.4 Stealth
 + Level 8.9 Spellcasting
 - Level 1.1 Transmutations
 + Level 7.8 Earth Magic


You had 22 spell levels left.
You knew the following spells:

 Your Spells              Type           Power      Damage    Failure   Level
a - Sandblast             Erth           88%        2d18      1%          1

Your spell library contained the following spells:

 Spells                   Type           Power      Damage    Failure   Level
 Shock                    Conj/Air       36%        1d5       7%          1
 Passwall                 Tmut/Erth      24%        N/A       1%          2
 Stone Arrow              Conj/Erth      54%        3d10      4%          3
 Necrotise                Necr           36%        1d5       7%          1
 Cigotuvi's Dreadful Rot  Necr/Pois/Air  18%        N/A       11%         2
 Poisonous Vapours        Pois/Air       18%        N/A       11%         2
 Petrify                  Tmut/Erth      29%        N/A       11%         4
 Dazzling Flash           Conj/Hex       18%        N/A       21%         3
 Mephitic Cloud           Conj/Pois/Air  9%         N/A       21%         3
 Agony                    Necr           9%         N/A       88%         5
 Fireball                 Conj/Fire      4%         3d4       88%         5
 Iskenderun's Battlesphe  Conj           9%         2d6       88%         5
 Silence                  Hex/Air        4%         N/A       88%         5
 Conjure Ball Lightning   Conj/Air       4%         3x3d6     100%        6
 Orb of Destruction       Conj           4%         9d5       100%        7


Dungeon Overview and Level Annotations

Branches:
Dungeon (5/15)             Temple (0/1) D:4           Sewer (visited)

Altars:
Cheibriados
Kikubaaqudgha
Okawaru
Qazlal
Sif Muna
Vehumet
Yredelemnul

Shops:
D:1 [

Annotations:
D:3 3 runed translucent doors, Lexicon's ghost, amateur OpBr
D:5 1 runed translucent door, Crazy Yiuf


Message History

The white imp freezes you.
* * * LOW HITPOINT WARNING * * *
The hornet misses you.
You feel much better.
You feel very sick. The hornet completely misses you.
The white imp gestures at you. The puff of frost misses you.
The hornet misses you. The white imp misses you.
Casting: Sandblast (safe; 1% risk of failure)
Confirm with . or Enter, or press ? or * to list all spells.
Aiming: Sandblast (safe; 1% risk of failure)
Press: ? - help, Shift-Dir - straight line, f/p - hornet
Aim: a hornet (moderately wounded, 77% to hit)
The blast of sand hits the hornet!
The hornet is heavily wounded.
You feel yourself speed up.
You feel very sick. The hornet stings you.
You are more poisoned.
You feel yourself slow down. The hornet barely misses you.
The white imp gestures at you.
The puff of frost hits you but does no damage.
The hornet stings you.
You feel as though you will be slow longer.
The white imp misses you. The hornet stings you!
You are more poisoned.
You feel as though you will be slow longer.
Casting: Sandblast (safe; 1% risk of failure)
Confirm with . or Enter, or press ? or * to list all spells.
Aiming: Sandblast (safe; 1% risk of failure)
Press: ? - help, Shift-Dir - straight line, f/p - hornet
Aim: a hornet (heavily wounded, 77% to hit)
The blast of sand hits the hornet but does no damage.
The hornet is heavily wounded.
* * * LOW HITPOINT WARNING * * *
You feel extremely sick. The hornet closely misses you.
The white imp gestures at you. The puff of frost hits you.
You die...

#.# #.# #.# #.# #
#.# .## #.# ... #.#
.. .
#######.#####.#...#
#..........@y.....#
#.##)...####5.##...
#)##)#### .##
#.##.# .# #.##)# ##
#.##.#
#.##)######## #####
#.##........# #)..#
#.########### #...#


You could see a hornet and a white imp.

Vanquished Creatures
  Duvessa (D:4)
  An ogre (D:5)
  2 bullfrogs (Sewer)
  2 scorpions (D:4)
  Dowan (D:4)
  2 hounds
  2 iguanas
  An orc wizard (D:5)
  A scorpion zombie (D:3)
  A hound zombie (D:3)
  A hound skeleton (D:3)
  10 adders
  4 river rats (Sewer)
  An ufetubus (D:4)
  An adder zombie (D:3)
  4 worms
  5 dart slugs
  10 orcs
  6 bats
  6 endoplasms
  5 giant cockroaches
  6 goblins
  6 hobgoblins
  3 jackals (D:2)
  4 quokkas
  14 ball pythons
  10 frilled lizards
  A giant cockroach zombie (D:3)
  4 kobolds
  2 quokka zombies (D:3)
  28 rats
145 creatures vanquished.

Vanquished Creatures (others)
  2 withered plants (D:3)
2 creatures vanquished.

Grand Total: 147 creatures vanquished

Notes
Turn   | Place    | Note
-------+----------+-------------------------------------------
     0 | D:1      | cforsyth the Deep Elf Earth Elementalist began the quest
                  | for the Orb.
     0 | D:1      | Reached XP level 1. HP: 10/10 MP: 6/6
    99 | D:1      | Found Leoskout's Armour Emporium.
   190 | D:1      | Reached XP level 2. HP: 15/15 MP: 3/8
   813 | D:2      | Reached skill level 4 in Spellcasting
   822 | D:2      | Reached XP level 3. HP: 17/19 MP: 3/10
  1168 | D:2      | Found an iron altar of Okawaru.
  1719 | D:3      | Found a stormy altar of Qazlal.
  1744 | D:3      | Reached XP level 4. HP: 24/24 MP: 10/12
  1854 | D:3      | Reached skill level 5 in Spellcasting
  1989 | D:3      | Found a radiant altar of Vehumet.
  1989 | D:3      | Found an ancient bone altar of Kikubaaqudgha.
  1991 | D:3      | Found a shimmering blue altar of Sif Muna.
  1998 | D:3      | Got Kikubaaqudgha's Compendium of Last Rites
  2083 | D:3      | Found a runed translucent gate.
  2083 | D:3      | Found a runed translucent gate.
  2083 | D:3      | Found a runed translucent gate.
  2083 | D:3      | Noticed Lexicon's ghost (amateur OpBr)
  2085 | D:3      | Found a basalt altar of Yredelemnul.
  2425 | D:4      | Reached skill level 5 in Earth Magic
  2468 | D:4      | Found a glowing drain.
  2483 | Sewer    | Entered a sewer
  2503 | Sewer    | Reached XP level 5. HP: 28/28 MP: 11/14
  2860 | Sewer    | Reached skill level 6 in Spellcasting
  3008 | Sewer    | Reached XP level 6. HP: 19/32 MP: 13/17
  3228 | D:4      | Reached skill level 7 in Spellcasting
  3278 | D:3      | Became a worshipper of Vehumet
  3638 | D:4      | Found a staircase to the Ecumenical Temple.
  3665 | D:4      | Found a snail-covered altar of Cheibriados.
  3703 | D:4      | Reached XP level 7. HP: 27/36 MP: 16/20
  3878 | D:4      | Noticed Duvessa
  3882 | D:4      | Noticed Dowan
  3886 | D:4      | Killed Duvessa
  3889 | D:4      | Killed Dowan
  3890 | D:4      | Reached skill level 8 in Spellcasting
  3923 | D:4      | Reached * piety under Vehumet
  3923 | D:4      | Offered knowledge of Shock by Vehumet.
  4074 | D:5      | Entered Level 5 of the Dungeon
  4148 | D:5      | Found a runed translucent door.
  4149 | D:5      | Noticed Crazy Yiuf
  4357 | D:5      | Noticed a hornet
  4365 | D:5      | HP: 1/36 [poisoned by a hornet]
  4365 | D:5      | Killed from afar by a white imp

Illustrated notes

Levels and vault maps discovered:
D:1:      grunt_arrival_crossed_arrows, layout_loops_cross, serial_shops, shop
D:2:      layout_loops_ring, basic_altar, solitary_fountain
D:3:      layout_rooms, grunt_temple_overflow_magic_moments,
          grunt_qazlal_clouds, nicolae_yredelemnul_ghost_church, serial_undead,
          serial_undead_f, serial_undead_e, serial_undead_f, serial_undead_c,
          serial_undead_c, serial_undead_b, nicolae_titane
D:4:      layout_cave_pools, kennysheep_slug_shrine, minmay_temple_entry_trees,
          cheibrodos_sewer_entry_sluice, minivault_24, uniq_duvessa
D:5:      layout_loops_ring, nicolae_overflow_hidden_temple,
          serial_bayou_pond_c, uniq_crazy_yiuf_cottage

Skill      XL: |  1  2  3  4  5  6  7 |
---------------+----------------------+-----
Spellcasting   | 4 5 6 7 8 |  8.9
Earth Magic    | 4 5 6 7 |  7.8
Dodging        | |  2.4
Stealth        | |  2.4
Transmutations | |  1.1

Action                     |  1- 3 |  4- 6 |  7- 9 || total
---------------------------+-------+-------+-------++-------
  Melee: Unarmed           |       |     2 |       ||     2
   Cast: Sandblast         |    51 |   129 |    34 ||   214
    Use: Scroll            |       |    14 |       ||    14
         Potion            |       |     4 |     2 ||     6
 Armour: Robe              |     4 |    34 |     2 ||    40
  Dodge: Dodged            |     5 |    86 |    22 ||   113

Table legend: (Time is in decaauts)
 A = Elapsed time spent in this place.
 B = Non-inter-level travel time spent in this place.
 C = Inter-level travel time spent in this place.
 D = Time resting spent in this place.
 E = Time spent auto-exploring this place.
 F = Levels seen in this place.
 G = Mean time per level.
                   A        B        C        D        E       F      G
               +--------+--------+--------+--------+--------+-----+--------+
         Total |   4520 |   4246 |    274 |    140 |   3245 |   6 |  753.3 |
       Dungeon |   3731 |   3457 |    274 |    140 |   2715 |   5 |  746.2 |
         Sewer |    789 |    789 |      0 |      0 |    529 |   1 |  789.0 |
               +--------+--------+--------+--------+--------+-----+--------+

Top non-repeatable levels by time:
     D:3: 1032 daAuts
     D:4: 854 daAuts
     D:1: 834 daAuts
   Sewer: 789 daAuts
     D:2: 706 daAuts
     D:5: 303 daAuts
